 Dungeon Crawl Stone Soup version 0.30-a0-459-g9104f0fc43 (webtiles) character file.

Game seed: 4324044632770965286

368 cforsyth the Ruffian (level 6, -1/62 HPs)
             Began as a Troll Fighter on Dec 16, 2022.
             Killed by divine providence
             ... invoked by an orc priest
              (11 damage)
             ... on level 4 of the Dungeon.
             The game lasted 00:04:10 (2568 turns).

cforsyth the Ruffian (Troll Fighter)                Turns: 2568, Time: 00:04:10

Health: -1/62      AC:  4    Str: 25    XL:     6   Next: 41%
Magic:  5/5        EV:  8    Int:  6    God:
Gold:   181        SH:  7    Dex:  9    Spells: 5/5 levels left

rFire   . . .      SeeInvis .      - Unarmed
rCold   . . .      Faith    .    b - +0 kite shield
rNeg    . . .      Spirit   .    a - +0 robe
rPois   .          Reflect  .    (helmet restricted)
rElec   .          Harm     .    (no cloak)
rCorr   .          Rampage  .    (gloves unavailable)
Will    .....                    (boots unavailable)
Stlth   +.........               (no amulet)
HPRegen 1.10/turn                (no ring)
MPRegen 0.09/turn                (no ring)

@: no status effects
A: large, unfitting armour, claws 3, regeneration 1, shaggy fur 1, tough skin 1
a: no special abilities


You were on level 4 of the Dungeon.
You visited 1 branch of the dungeon, and saw 4 of its levels.

You collected 181 gold pieces.

Inventory:

Armour
 a - a +0 robe (worn)
 b - a +0 kite shield (worn)
Jewellery
 k - a +6 ring of intelligence
Wands
 i - a wand of quicksilver (13)
 q - a wand of polymorph (10)
Scrolls
 e - 2 scrolls of fog {unknown}
 g - 2 scrolls of enchant weapon {unknown}
 h - 2 scrolls of poison {unknown}
 j - a scroll of immolation {unknown}
 l - a scroll of amnesia {unknown}
 m - 4 scrolls of identify {unknown}
 n - 3 scrolls of teleportation {unknown}
Potions
 c - 2 potions of might
 d - 4 potions of heal wounds {unknown}
 f - a potion of cancellation {unknown}
 o - 2 potions of ambrosia {unknown}
 p - 2 potions of lignification {unknown}
 r - 2 potions of degeneration {unknown}


   Skills:
 + Level 3.6 Fighting
 - Level 2.5 Dodging
 + Level 4.0 Shields
 * Level 4.9 Unarmed Combat


You had 5 spell levels left.
You didn't know any spells.
Your spell library contained the following spells:

 Spells                   Type           Power      Damage    Failure   Level
 Blink                    Tloc           0%         N/A       86%         2
 Momentum Strike          Conj/Tloc      0%         3d8       86%         2
 Lesser Beckoning         Tloc           0%         N/A       98%         3


Dungeon Overview and Level Annotations

Branches:
Dungeon (4/15)
 Temple: D:4-7

Altars:
Kikubaaqudgha
Nemelex Xobeh

Shops:
D:1 !


Innate Abilities, Weirdness & Mutations

You are too large for most types of armour.
You have claws for hands.
Your natural rate of healing is unusually fast.
You are covered in fur. (AC +1)
You have tough skin. (AC +1)


Message History

The hound is heavily wounded.
The hound barely misses you. The hound bites you but does no damage.
You closely miss the hound.
The hound is heavily wounded.
The hound closely misses you.
You claw the hound!
You kill the hound!
The orc priest looks satisfied for a moment.
Your Shields skill increases to level 4!
The orc priest invokes the aid of Beogh against you.
Beogh smites you!
* * * LOW HITPOINT WARNING * * *
The orc wizard gestures wildly while chanting.
The orc wizard flickers and vanishes!
Deactivating autopickup; reactivate with Ctrl-A.
You see here a hound corpse.
You closely miss something. Something hits you.
* * * LOW HITPOINT WARNING * * *
You closely miss something.
The orc priest miscasts a cantrip.
Something hits you.
* * * LOW HITPOINT WARNING * * *
You miss something.
The orc priest looks satisfied for a moment.
Something hits you.
* * * LOW HITPOINT WARNING * * *
Something hits you but does no damage.
The orc priest looks satisfied for a moment.
You miss something. Something hits you.
* * * LOW HITPOINT WARNING * * *
You scratch something.
The orc priest calls down the wrath of Beogh upon you.
Beogh smites you!
* * * LOW HITPOINT WARNING * * *
Something hits you but does no damage.
You barely miss something. You block something's attack.
You miss something.
The orc priest invokes the aid of Beogh against you.
Beogh smites you!
You die...

## #...#.##....... .. ###
#.#.....[##.### . ..#
#...#.#.รท...... #.#.#
#####.#...#.### ##.#.####
#.......### # #.......#
###..(####. .###..#.##.#
#...# #. . ..o..#..#.#
#...# #. ...
#...##@#.######.).#####
.....#.#.#{#...............
.......o.oo)...............
o...!#.....................
... #....##.#######...#####
. ##.#.##.# #...# #
#......# ###...### #
###.#### #.......# # #.#
#.#...#.# #


You could see 2 orc priests.

Vanquished Creatures
  A phantom (D:4)
  A hound (D:4)
  Natasha (thrice) (D:4)
  An orc wizard (D:4)
  6 adders
  2 ufetubi (D:4)
  2 worms
  2 dart slugs
  7 orcs
  7 endoplasms
  9 giant cockroaches
  5 goblins
  8 hobgoblins
  6 jackals
  6 kobolds
  3 quokkas
  2 ball pythons
  6 bats
  6 frilled lizards
  5 rats
88 creatures vanquished.

Vanquished Creatures (others)
  A goblin (D:3)
1 creature vanquished.

Grand Total: 89 creatures vanquished

Notes
Turn   | Place    | Note
-------+----------+-------------------------------------------
     0 | D:1      | cforsyth the Troll Fighter began the quest for the Orb.
     0 | D:1      | Reached XP level 1. HP: 22/22 MP: 0/0
   133 | D:1      | Reached XP level 2. HP: 29/29 MP: 1/1
   259 | D:1      | Found Cajetiwk's Distillery.
   715 | D:2      | Found a sparkling altar of Nemelex Xobeh.
   724 | D:1      | Reached XP level 3. HP: 35/36 MP: 2/2
   962 | D:2      | Reached XP level 4. HP: 44/44 MP: 3/3
  1268 | D:3      | Found a faded altar of an unknown god.
  1973 | D:4      | Reached XP level 5. HP: 44/53 MP: 4/4
  2126 | D:4      | Noticed Natasha
  2133 | D:4      | Killed Natasha
  2247 | D:4      | Noticed Natasha
  2252 | D:4      | Killed Natasha
  2267 | D:4      | Found an ancient bone altar of Kikubaaqudgha.
  2278 | D:4      | Noticed a phantom
  2299 | D:4      | Killed a phantom
  2300 | D:4      | Reached XP level 6. HP: 50/61 MP: 5/5
  2511 | D:4      | Noticed Natasha
  2524 | D:4      | Killed Natasha
  2568 | D:4      | Killed from afar by an orc priest

Illustrated notes

Levels and vault maps discovered:
D:1:      dpeg_arrival_rooms_a, layout_basic, serial_shops, shop
D:2:      layout_rooms, basic_altar
D:3:      layout_basic, shapermc_ecumenical_altar_pompeii, serial_forest,
          infiniplex_forest_split, infiniplex_forest_clump_small,
          infiniplex_forest_clump_small, infiniplex_forest_lined_2,
          infiniplex_forest_clump_long, infiniplex_forest_lined_corner,
          infiniplex_forest_straight_3, infiniplex_forest_clump_small
D:4:      layout_loops_cross, kiku_gazebo_pond_becter, minmay_cut_off,
          uniq_natasha

Skill      XL: |  1  2  3  4  5  6 |
---------------+-------------------+-----
Shields        | 3 4 |  4.0
Unarmed Combat | 3 4 |  4.9
Fighting       | 3 |  3.6
Dodging        | |  2.5

Action                   |  1- 3 |  4- 6 || total
-------------------------+-------+-------++-------
Melee: Unarmed           |    94 |   160 ||   254
 Stab: Sleeping          |     2 |       ||     2
Armor: Robe              |    44 |    63 ||   107
       Skin              |       |     3 ||     3
Dodge: Dodged            |    38 |    43 ||    81
Block: Kite shield       |    33 |    43 ||    76

Table legend: (Time is in decaauts)
 A = Elapsed time spent in this place.
 B = Non-inter-level travel time spent in this place.
 C = Inter-level travel time spent in this place.
 D = Time resting spent in this place.
 E = Time spent auto-exploring this place.
 F = Levels seen in this place.
 G = Mean time per level.
                   A        B        C        D        E       F      G
               +--------+--------+--------+--------+--------+-----+--------+
         Total |   2584 |   2509 |     75 |      5 |   1886 |   4 |  646.0 |
       Dungeon |   2584 |   2509 |     75 |      5 |   1886 |   4 |  646.0 |
               +--------+--------+--------+--------+--------+-----+--------+

Top non-repeatable levels by time:
     D:3: 783 daAuts
     D:1: 759 daAuts
     D:4: 604 daAuts
     D:2: 436 daAuts
